 Dungeon Crawl Stone Soup version 0.29.0-11-gd7f09526c8 (webtiles) character file.

Game seed: 9260180522417590335

45 greasedhog the Sneak (level 3, 0/23 HPs)
             Began as a Gargoyle Brigand on Sept 4, 2022.
             Slain by Robin
             ... wielding a +0 club
              (1 damage)
             ... on level 2 of the Dungeon.
             The game lasted 00:01:04 (1411 turns).

greasedhog the Sneak (Gargoyle Brigand)             Turns: 1411, Time: 00:01:05

Health: 0/23       AC:  6    Str: 14    XL:     3   Next: 64%
Magic:  3/3        EV: 11    Int: 11    God:
Gold:   40         SH:  0    Dex: 13    Spells: 2/2 levels left

rFire   . . .      SeeInvis .   j - +1 dagger (elec)
rCold   . . .      Faith    .   (no shield)
rNeg    + . .      Spirit   .   b - +0 robe
rPois   ∞          Reflect  .   (no helmet)
rElec   +          Harm     .   c - +0 cloak
rCorr   .          Rampage  .   (no gloves)
Will    .....                   (no boots)
Stlth   +++.......              (no amulet)
HPRegen 0.07/turn               (no ring)
MPRegen 0.08/turn               (no ring)

@: no status effects
A: sickness immunity, AC +3, negative energy resistance 1, electricity
resistance, torment resistance 1, petrification resistance
a: no special abilities


You were on level 2 of the Dungeon.
You visited 1 branch of the dungeon, and saw 2 of its levels.

You collected 40 gold pieces.

Inventory:

Hand Weapons
 j - a +1 dagger of electrocution (weapon)
Missiles
 d - 9 poisoned darts (quivered)
 e - 3 curare-tipped darts
Armour
 b - a +0 robe (worn)
 c - a +0 cloak (worn)
Scrolls
 a - a scroll of fear {unknown}
 f - a scroll of enchant weapon {unknown}
 g - a scroll of identify {unknown}
Potions
 h - a potion of degeneration {unknown}
 i - a potion of magic {unknown}
 k - a potion of might {unknown}


   Skills:
 * Level 3.1 Fighting
 * Level 2.4 Short Blades
 - Level 1.7 Throwing
 - Level 0.7 Dodging
 * Level 5.0 Stealth


You had 2 spell levels left.
You didn't know any spells.
Your spell library contained the following spells:

 Spells                   Type           Power      Damage    Failure   Level
 Magic Dart               Conj           0%         1d3       34%         1
 Call Imp                 Summ           0%         N/A       47%         2
 Mephitic Cloud           Conj/Pois/Air  0%         N/A       71%         3
 Animate Armour           Summ/Erth      0%         N/A       98%         4
 Blade Hands              Tmut           0%         N/A       100%        5
 Iron Shot                Conj/Erth      0%         9d1       100%        6


Dungeon Overview and Level Annotations

Branches:
Dungeon (2/15)

Altars:

Shops:
D:1 [

Annotations:
D:2 Robin


Innate Abilities, Weirdness & Mutations

You are immune to sickness and miasma.
Your stone body is resilient. (AC +3)
You are immune to poison.
You resist negative energy. (rN+)
You are resistant to electric shocks. (rElec)
You are resistant to unholy torment.
You are immune to petrification.


Message History

A goblin comes into view. It is wielding a +0 club.
Robin throws the goblin at you!
You hit the goblin.
You kill the goblin!
Robin roars a battlecry!
The goblins go into a battle-frenzy!
The goblin barely misses you.
A goblin comes into view. It is wielding a +0 dagger.
The goblin hits you with a +0 club.
You hear a shout!
You hit the goblin.
The goblin is moderately wounded.
You hit the goblin. Lightning courses through the goblin!
You kill the goblin!
The goblin closely misses you. Robin throws the goblin at you!
The goblin barely misses you.
You hit the goblin.
The goblin is heavily wounded.
The hobgoblin barely misses you. The goblin hits you with a +0 dagger.
Robin throws the goblin at you!
You hit the goblin.
You kill the goblin!
The goblin hits you but does no damage. The hobgoblin misses you.
You hit the goblin.
You kill the goblin!
The hobgoblin hits you.
Your Stealth skill increases to level 5!
You hit the hobgoblin.
The hobgoblin is moderately wounded.
Robin hits you with a +0 club. The hobgoblin barely misses you.
You hit the hobgoblin.
The hobgoblin is severely wounded.
Robin hits you with a +0 club. The hobgoblin hits you.
* * * LOW HITPOINT WARNING * * *
You closely miss the hobgoblin.
The hobgoblin is severely wounded.
The hobgoblin hits you.
* * * LOW HITPOINT WARNING * * *
Robin hits you with a +0 club.
You die...

#. #. #. .. #.###.
### ... #..... ..
..######### #.
#.........# #)####
.###..#..#.#
#)g@.###..##..#.....
#.g#)..##..#........
##.#....##.##..#####
#.##....#..#.......
#..##...##.##.#####
##. ##...#†##.#
#..###.#..#.#
#.....#[.#.#
##########..)..#.#


You could see Robin and a hobgoblin (strong).

Vanquished Creatures
  2 adders (D:2)
  A dart slug (D:1)
  2 endoplasms
  A giant cockroach (D:1)
  2 hobgoblins
  A jackal (D:2)
  A quokka (D:2)
  2 ball pythons (D:2)
  2 frilled lizards (D:1)
  8 goblins
  3 kobolds
25 creatures vanquished.

Notes
Turn   | Place    | Note
-------+----------+-------------------------------------------
     0 | D:1      | greasedhog the Gargoyle Brigand began the quest for the
                  | Orb.
     0 | D:1      | Reached XP level 1. HP: 12/12 MP: 1/1
   452 | D:1      | Found Curriesu's Armour Boutique.
   461 | D:1      | Reached XP level 2. HP: 17/18 MP: 2/2
  1072 | D:2      | Reached XP level 3. HP: 18/22 MP: 3/3
  1398 | D:2      | Noticed Robin
  1409 | D:2      | Reached skill level 5 in Stealth
  1411 | D:2      | HP: 1/23 [hobgoblin[Robin] (4)]
  1411 | D:2      | Slain by Robin

Illustrated notes

Levels and vault maps discovered:
D:1:      wheals_arrival_shading, layout_basic, serial_shops,
          nicolae_shop_crystal, serial_curves, eino_curves_01, eino_curves_04,
          eino_curves_01
D:2:      minmay_evil_eye, layout_basic, chequers_serial_rivers_micro_a,
          uniq_robin

Skill      XL: |  1  2  3 |
---------------+----------+-----
Short Blades   | 2 |  2.4
Fighting       | 3 |  3.1
Stealth        | 5 |  5.0
Throwing       | |  1.7
Dodging        | |  0.7

Action                   || total
-------------------------++-------
Melee: Dagger            ||    67
 Stab: Sleeping          ||     2
Armor: Robe              ||    21
Dodge: Dodged            ||    24
